 Dungeon Crawl Stone Soup version 0.29.0-4-gdea44cf6ec (webtiles) character file.

Game seed: 14314433445339581017

25 qw the Chopper (level 2, -2/26 HPs)
             Began as a Minotaur Berserker on Sept 8, 2022.
             Was a Follower of Trog.
             Slain by Sigmund
             ... wielding a +0 scythe
              (3 damage)
             ... on level 2 of the Dungeon.
             The game lasted 00:00:19 (1346 turns).

qw the Chopper (Minotaur Berserker)                 Turns: 1346, Time: 00:00:20

Health: -2/26      AC:  5    Str: 21    XL:     2   Next: 82%
Magic:  1/1        EV: 11    Int:  4    God:    Trog [*.....]
Gold:   72         SH:  0    Dex:  9    Spells: 1/1 levels left

rFire   . . .      SeeInvis .   Y - +0 hand axe
rCold   . . .      Faith    .   (no shield)
rNeg    . . .      Spirit   .   h - +0 ring mail
rPois   .          Reflect  .   (helmet restricted)
rElec   .          Harm     .   (no cloak)
rCorr   .          Rampage  .   (no gloves)
Will    .....                   (no boots)
Stlth   ..........              (no amulet)
HPRegen 0.08/turn               c - +4 ring of slaying {mikee}
MPRegen 0.07/turn               (no ring)

@: on berserk cooldown, slowed, very slow
A: horns 2, retaliatory headbutt
a: Renounce Religion, Berserk


You were on level 2 of the Dungeon.
You worshipped Trog.
Trog was aware of your devotion.
You visited 1 branch of the dungeon, and saw 2 of its levels.

You collected 72 gold pieces.


Innate Abilities, Weirdness & Mutations

You have a pair of horns on your head.
You reflexively headbutt those who attack you in melee.


   Skills:
 - Level 3.6 Fighting
 + Level 5.0 Axes
 - Level 2.4 Armour
 - Level 2.1 Dodging


You had one spell level left.
You didn't know any spells.
Your spell library was empty.

Inventory:

Hand Weapons
 d - a +0 club
 Y - a +0 hand axe (weapon)
Armour
 h - a +0 ring mail (worn)
Jewellery
 c - a +4 ring of slaying (left hand) {mikee}

Dungeon Overview and Level Annotations

Branches:
Dungeon (2/15)

Altars:

Annotations:
D:2 Sigmund


Message History

Trog accepts your kill.
Sigmund the Dreaded comes into view.
He is wielding a +0 scythe.
The goblin hits you with a +0 club.
Sigmund casts a spell.
Sigmund flickers and vanishes!
Deactivating autopickup; reactivate with Ctrl-A.
You see here a +0 dagger.
1333 ||| INVOKING Berserk.
A red film seems to cover your vision as you go berserk!
You feel yourself moving faster!
You feel mighty! The goblin hits you but does no damage.
You barely miss the goblin. You barely miss the goblin.
The goblin hits you with a +0 club.
You slash the goblin!
You kill the goblin!
Trog accepts your kill.
Your Axes skill increases to level 5!
You swing at nothing.
You swing at nothing.
You feel a strong urge to attack something.
You swing at nothing.
Something hits you.
You swing at nothing.
You feel your anger nearly subside.
You are no longer berserk.
You are exhausted.
You feel yourself slow down.
You swing at nothing.
Something hits you.
You swing at nothing.
Something hits you but does no damage.
You swing at nothing.
Something hits you.
You swing at nothing.
Something hits you but does no damage.
You swing at nothing.
Something hits you!
You swing at nothing.
Something hits you.
You die...

...........#?)!
...........####
...............
.............
...........#
...........#
......%<...#
...........+
........@..#
.#..!...)..#
#......{.....
#...#..........
.....#..........
.....#..........
.. ...........
............


There were no monsters in sight!

Vanquished Creatures
  A dart slug (D:1)
  2 ball pythons (D:1)
  An endoplasm (D:1)
  3 goblins
  2 hobgoblins (D:1)
  4 jackals (D:1)
  2 kobolds (D:1)
  A quokka (D:2)
  A bat (D:1)
  2 rats (D:1)
19 creatures vanquished.

Notes
Turn   | Place    | Note
-------+----------+-------------------------------------------
     0 | D:1      | qw the Minotaur Berserker began the quest for the Orb.
     0 | D:1      | Reached XP level 1. HP: 19/19 MP: 0/0
     0 | D:1      | 0 ||| qw: Version: 0.1-a-112-g44dc6cd
     0 | D:1      | 0 ||| qw: Game counter: 6741
     0 | D:1      | 0 ||| qw: Always use a shield: true
     0 | D:1      | 0 ||| qw: Do Orc after D:15 true
     0 | D:1      | 0 ||| qw: Do second Lair branch before Depths: true
     0 | D:1      | 0 ||| qw: Lair rune preference: random
     0 | D:1      | 0 ||| qw: Plans: Normal
     0 | D:1      | 0 ||| PLANNING D:1-11
   156 | D:1      | 156 ||| Stepping ~*~*~tactically~*~*~ (hiding).
   259 | D:1      | 259 ||| Stepping ~*~*~tactically~*~*~ (hiding).
   260 | D:1      | 260 ||| Stepping ~*~*~tactically~*~*~ (hiding).
   268 | D:1      | Reached skill level 4 in Axes
   432 | D:1      | Reached XP level 2. HP: 24/26 MP: 1/1
  1143 | D:1      | Found a faded altar of an unknown god.
  1245 | D:1      | 1245 ||| UPGRADING to +0 ring mail.
  1255 | D:1      | 1255 ||| DROPPING +0 animal skin.
  1256 | D:1      | 1256 ||| UPGRADING to +4 ring of slaying {mikee}.
  1257 | D:1      | 1257 ||| READING scroll labelled YNUNIUDDUAFA.
  1258 | D:1      | 1258 ||| READING scroll labelled YRIUNE NIRA.
  1259 | D:1      | 1259 ||| READING scroll labelled NAUHOG DAOSEA.
  1331 | D:2      | Noticed Sigmund
  1333 | D:2      | 1333 ||| INVOKING Berserk.
  1337 | D:2      | Reached skill level 5 in Axes
  1345 | D:2      | HP: 1/26 [something (9)]
  1346 | D:2      | Slain by Sigmund

Levels and vault maps discovered:
D:1:      minmay_arrival_doors, layout_loops_corners,
          chequers_ecumenical_altar_lobes, hangedman_decor_clover_reticule,
          supply_closet_lemuel
D:2:      layout_basic, minmay_stone_trees_medium, due_unseen_surprise,
          uniq_sigmund, uniq_terence

Skill      XL: |  1  2 |
---------------+-------+-----
Axes           | 4 5 |  5.0
Fighting       | |  3.6
Armour         | |  2.4
Dodging        | |  2.1

Action                   || total
-------------------------++-------
Melee: Hand axe          ||    39
       Headbutt          ||     7
Invok: Berserk           ||     1
  Use: Scroll            ||     3
Armor: Ring mail         ||     3
       Animal skin       ||     2
Dodge: Dodged            ||    17

Table legend:
 A = Non-vault XP
 B = Vault XP
 C = Vault XP percentage of total XP
 D = Non-vault monster count
 E = Vault monster count
 F = Vault count percentage of total count
                 A         B        C        D         E       F
            +---------+---------+-------+---------+---------+-------
      Total |      36 |       0 |   0.0 |      19 |       0 |   0.0
            +---------+---------+-------+---------+---------+-------
        D:1 |      30 |       0 |   0.0 |      16 |       0 |   0.0
        D:2 |       6 |       0 |   0.0 |       3 |       0 |   0.0
            +---------+---------+-------+---------+---------+-------
